Stars vs Canucks
Created - March 17, 2023 at 19:04
Goals
|
Stars |
2 |
0 |
1 |
3 |
Canucks |
0 |
1 |
0 |
1 |
|
Shots
|
Stars |
9 |
10 |
7 |
26 |
Canucks |
14 |
10 |
7 |
31 |
|
1st period
1. Stars , John Tavares 45 (Paul Ladue 12, Evgeny Grachev 23) at 13:14 (PP)
2. Stars , Scott Kosmachuck 6 (Jonathan Drouin 11, Tyson Barrie 13) at 17:27
Penalties :
Tyler Myers (Van) for Tripping (Minor) at 1:07, Andrew Ladd (Dal) for Slashing (Minor) at 4:11, Michael Grabner (Dal) for Tripping (Minor) at 11:05, Gilbert Brule (Van) for Hooking (Minor) at 11:48
2nd period
3. Canucks , Ben Smith 24 (Oliver Ekman-Larsson 35, Artemi Panarin 20) at 18:44 (PP)
Penalties :
Guillaume Latendresse (Dal) for Holding (Minor) at 5:12, Brian Lee (Dal) for High sticking (Minor) at 18:28, Derick Brassard (Van) for Hooking (Minor) at 19:03
3rd period
4. Stars , John Tavares 46 (Guillaume Latendresse 29, Brian Lee 35) at 19:33 (Empty Net)
Penalties :
Brian Lee (Dal) for Slashing (Minor) at 2:09, Sam Gagner (Van) for Slashing (Double Minor) at 11:29
Goalie Stats
Matt Murray (Dal), 30 saves from 31 shots - (0.968), W, 24-17-4, 60:00 minutes
Alexandar Georgiev (Van), 23 saves from 25 shots - (0.920), L, 20-27-2, 59:30 minutes
Players Stats for Stars
Player Name G A P +/- PIM S H SB GA TA FO MP PP MP PK MP
------------------------------------------------------------------------------------
Alex Chiasson 0 0 0 0 0 1 2 0 0 0 1/2 14:00 3:16 0:00
Andrew Ladd 0 0 0 0 2 1 2 2 1 0 0/0 16:53 3:16 2:06
Anton Cederholm 0 0 0 1 0 0 0 2 0 0 0/0 13:21 0:36 1:04
Boris Valabik 0 0 0 1 0 0 2 1 0 3 0/0 27:19 3:55 4:26
Brian Lee 0 1 1 1 4 1 1 0 0 2 0/0 26:20 3:55 2:55
Cam Atkinson 0 0 0 0 0 2 2 1 0 0 0/0 12:19 0:53 0:00
Cory Emmerton 0 0 0 0 0 1 1 0 0 1 3/6 12:41 0:17 1:21
Evgeny Grachev 0 1 1 0 0 4 2 4 1 0 3/14 16:40 3:16 1:28
Evgeny Kuznetsov 0 0 0 1 0 0 0 0 0 0 0/1 5:42 0:00 0:00
Guillaume Latendresse 0 1 1 1 2 1 3 0 0 0 2/3 23:10 3:58 2:50
John Tavares 2 0 2 1 0 5 2 0 1 0 16/37 24:02 4:04 4:07
Jonathan Drouin 0 1 1 1 0 3 1 0 0 0 0/0 8:47 0:37 1:41
Michael Grabner 0 0 0 1 2 2 0 1 0 0 0/1 18:56 3:58 0:00
Paul Ladue 0 1 1 0 0 0 0 0 0 0 0/0 19:47 4:05 1:57
Scott Kosmachuck 1 0 1 1 0 2 0 0 0 0 0/0 6:28 0:46 0:00
Tobias Rieder 0 0 0 0 0 1 0 0 0 0 0/0 12:06 0:00 0:19
Tyler Wotherspoon 0 0 0 0 0 1 3 2 0 1 0/0 20:43 3:43 2:50
Tyson Barrie 0 1 1 1 0 1 0 1 0 0 0/0 12:29 0:00 0:40
Players Stats for Canucks
Player Name G A P +/- PIM S H SB GA TA FO MP PP MP PK MP
------------------------------------------------------------------------------------
Artemi Panarin 0 1 1 0 0 3 2 0 2 0 7/11 23:58 3:18 4:31
Ben Smith 1 0 1 -1 0 1 2 0 0 1 1/1 21:03 3:43 2:04
Brandon Burlon 0 0 0 0 0 0 0 0 0 1 0/0 10:28 1:04 1:36
Brandon Gormley 0 0 0 0 0 0 3 0 0 0 0/0 22:04 2:12 3:11
Dave Bolland 0 0 0 0 0 0 2 0 0 0 3/4 7:51 0:14 0:15
Derick Brassard 0 0 0 -1 2 4 2 0 1 0 17/32 23:17 3:44 2:46
Gilbert Brule 0 0 0 -1 2 2 1 0 1 0 7/10 18:21 3:13 2:04
Hampus Lindholm 0 0 0 0 0 0 2 0 2 0 0/0 22:56 3:40 3:11
Jason Zucker 0 0 0 -1 0 3 1 1 0 0 2/2 15:25 0:33 2:00
Jeremy Morin 0 0 0 0 0 0 0 0 0 0 0/0 7:26 0:00 0:03
Josh Bailey 0 0 0 0 0 2 3 0 0 0 0/0 7:50 0:06 0:00
Loui Eriksson 0 0 0 0 0 4 0 0 0 0 0/1 7:22 0:00 0:00
Maxim Talbot 0 0 0 0 0 1 2 0 0 0 0/1 7:23 0:00 0:00
Nick Ritchie 0 0 0 -1 0 2 5 0 0 1 1/1 14:34 2:49 2:31
Oliver Ekman-Larsson 0 1 1 -2 0 3 1 0 0 0 0/0 29:35 4:27 4:22
Ryan Parent 0 0 0 0 0 0 0 0 0 0 0/0 8:02 0:00 0:34
Sam Gagner 0 0 0 -1 4 5 2 0 0 0 1/1 16:03 3:07 0:00
Tyler Myers 0 0 0 -2 2 1 2 1 1 0 0/0 26:55 2:29 3:20
3 Stars
1 - John Tavares (Dal)
2 - Matt Murray (Dal)
3 - Scott Kosmachuck (Dal)
Power Play
Stars - 1 on 5 Attempt(s) - 20.00%
Canucks - 1 on 5 Attempt(s) - 20.00%
Penalty Kill
Stars - 4 on 5 Attempt(s) - 80.00%
- Score 0 goal in Penalty Kill
Canucks - 4 on 5 Attempt(s) - 80.00%
- Score 0 goal in Penalty Kill
Team Stat
Stars - Hits : 21 - Faceoff Wins : 25 - Blocked Shots : 14 - Penalty Minutes : 10
Canucks - Hits : 30 - Faceoff Wins : 39 - Blocked Shots : 2 - Penalty Minutes : 10
Official
Referees : Francois St. Laurent and Ghislain Hebert
Linesman : David Brisebois and Kyle Flemington
Game Notes
John Tavares has scored in a empty net!
Finance
Level 1 -- Attendance: 5483 (91.38%) -- Ticket Income $548,300
Level 2 -- Attendance: 4734 (94.68%) -- Ticket Income $284,040
Level 3 -- Attendance: 1954 (97.70%) -- Ticket Income $68,390
Level 4 -- Attendance: 3691 (92.28%) -- Ticket Income $92,275
Luxury Box -- Attendance: 1000 (100.00%) -- Ticket Income $200,000
Game was played at the Rodgers Arena.
Total Attendance: 16862 (93.68%)
Total Ticket Income: $1,193,005
Other Income: $178,951
Total Income: $1,371,956
Stars
5 vs 5 Forward
Center Left Wing Right Wing Time % Phy DF OF
1 John Tavares Guillaume Latendresse Michael Grabner 40 1 2 2
2 Evgeny Grachev Andrew Ladd Alex Chiasson 30 1 2 2
3 Cory Emmerton Tobias Rieder Cam Atkinson 20 1 2 2
4 Evgeny Kuznetsov Jonathan Drouin Scott Kosmachuck 10 1 2 2
5 vs 5 Defense
Defense Defense Time % Phy DF OF
1 Boris Valabik Brian Lee 40 1 2 2
2 Paul Ladue Tyler Wotherspoon 30 1 2 2
3 Tyson Barrie Anton Cederholm 20 1 2 2
4 Boris Valabik Brian Lee 10 1 2 2
PowerPlay Forward
Center Left Wing Right Wing Time % Phy DF OF
1 John Tavares Guillaume Latendresse Michael Grabner 60 0 2 3
2 Evgeny Grachev Andrew Ladd Alex Chiasson 40 0 2 3
PowerPlay Defense
Defense Defense Time % Phy DF OF
1 Boris Valabik Brian Lee 60 1 2 2
2 Paul Ladue Tyler Wotherspoon 40 1 2 2
Penalty Kill 4 Players Forward
Center Wing Time % Phy DF OF
1 John Tavares Guillaume Latendresse 60 1 2 2
2 Evgeny Grachev Andrew Ladd 40 1 2 2
Penalty Kill 4 Players Defense
Defense Defense Time % Phy DF OF
1 Boris Valabik Brian Lee 60 0 3 2
2 Paul Ladue Tyler Wotherspoon 40 0 3 2
Penalty Kill - 3 Players Forward
Forward Time % Phy DF OF
1 John Tavares 60 1 2 2
2 Evgeny Grachev 40 1 2 2
Penalty Kill - 3 Players Defense
Defense Defense Time % Phy DF OF
1 Boris Valabik Brian Lee 60 0 3 2
2 Paul Ladue Tyler Wotherspoon 40 0 3 2
4 vs 4 Forward
Center Wing Time % Phy DF OF
1 John Tavares Guillaume Latendresse 60 0 2 3
2 Evgeny Grachev Andrew Ladd 40 0 2 3
4 vs 4 Defense
Defense Defense Time % Phy DF OF
1 Boris Valabik Brian Lee 60 1 2 2
2 Paul Ladue Tyler Wotherspoon 40 1 2 2
Last Minutes Offensive
Center Left Wing Right Wing Defense Defense
John Tavares Guillaume Latendresse Michael Grabner Boris Valabik Brian Lee
Last Minutes Defensive
Center Left Wing Right Wing Defense Defense
John Tavares Guillaume Latendresse Michael Grabner Boris Valabik Brian Lee
Goaltenders
Starting : Matt Murray
Backup : Jhonas Enroth
Extra Forwards
Normal : Andrew Ladd, Cam Atkinson, Tobias Rieder - PP : Andrew Ladd, Cam Atkinson - PK : Andrew Ladd
Extra Defensemen
Normal : Tyler Wotherspoon, Tyson Barrie, Anton Cederholm - PP : Tyler Wotherspoon - PK : Tyler Wotherspoon, Tyson Barrie
Penalty Shots
John Tavares, Michael Grabner, Guillaume Latendresse, Alex Chiasson, Andrew Ladd
Scratches
Andrej Sustr (Right Knee Injury), Tyler Brenner (Healthy)
Canucks
5 vs 5 Forward
Center Left Wing Right Wing Time % Phy DF OF
1 Derick Brassard Artemi Panarin Ben Smith 51 1 2 2
2 Gilbert Brule Jason Zucker Sam Gagner 35 1 2 2
3 Dave Bolland Nick Ritchie Loui Eriksson 10 1 2 2
4 Maxim Talbot Jeremy Morin Josh Bailey 4 1 2 2
5 vs 5 Defense
Defense Defense Time % Phy DF OF
1 Oliver Ekman-Larsson Tyler Myers 55 1 2 2
2 Hampus Lindholm Brandon Gormley 30 1 2 2
3 Ryan Parent Brandon Burlon 10 1 2 2
4 Oliver Ekman-Larsson Tyler Myers 5 1 2 2
PowerPlay Forward
Center Left Wing Right Wing Time % Phy DF OF
1 Derick Brassard Artemi Panarin Ben Smith 60 1 2 2
2 Gilbert Brule Nick Ritchie Sam Gagner 40 1 2 2
PowerPlay Defense
Defense Defense Time % Phy DF OF
1 Oliver Ekman-Larsson Hampus Lindholm 60 1 2 2
2 Brandon Gormley Tyler Myers 40 1 2 2
Penalty Kill 4 Players Forward
Center Wing Time % Phy DF OF
1 Artemi Panarin Derick Brassard 60 1 2 2
2 Gilbert Brule Ben Smith 40 1 2 2
Penalty Kill 4 Players Defense
Defense Defense Time % Phy DF OF
1 Oliver Ekman-Larsson Tyler Myers 60 1 2 2
2 Hampus Lindholm Brandon Gormley 40 1 2 2
Penalty Kill - 3 Players Forward
Forward Time % Phy DF OF
1 Artemi Panarin 60 1 2 2
2 Derick Brassard 40 1 2 2
Penalty Kill - 3 Players Defense
Defense Defense Time % Phy DF OF
1 Oliver Ekman-Larsson Tyler Myers 60 1 2 2
2 Hampus Lindholm Brandon Gormley 40 1 2 2
4 vs 4 Forward
Center Wing Time % Phy DF OF
1 Artemi Panarin Derick Brassard 60 1 2 2
2 Gilbert Brule Ben Smith 40 1 2 2
4 vs 4 Defense
Defense Defense Time % Phy DF OF
1 Oliver Ekman-Larsson Tyler Myers 60 1 2 2
2 Hampus Lindholm Brandon Gormley 40 1 2 2
Last Minutes Offensive
Center Left Wing Right Wing Defense Defense
Derick Brassard Nick Ritchie Ben Smith Oliver Ekman-Larsson Hampus Lindholm
Last Minutes Defensive
Center Left Wing Right Wing Defense Defense
Derick Brassard Artemi Panarin Ben Smith Oliver Ekman-Larsson Tyler Myers
Goaltenders
Starting : Alexandar Georgiev
Backup : Matt Hackett
Extra Forwards
Normal : Gilbert Brule, Artemi Panarin, Nick Ritchie - PP : Gilbert Brule, Artemi Panarin - PK : Nick Ritchie
Extra Defensemen
Normal : Brandon Gormley, Brandon Burlon, Hampus Lindholm - PP : Brandon Gormley - PK : Brandon Burlon, Hampus Lindholm
Penalty Shots
Artemi Panarin, Derick Brassard, Nick Ritchie, Ben Smith, Gilbert Brule
Scratches
Josh Gorges (Healthy)
% Time on Ice - Stars
Lines # - Real PCT - Wanted PCT - Time Play
Normal Forward
1 - 35% - 40% - 15:07
2 - 26% - 30% - 11:18
3 - 25% - 20% - 10:55
4 - 13% - 10% - 5:42
Normal Defense
1 - 42% - 40% - 17:59
2 - 30% - 30% - 13:04
3 - 26% - 20% - 11:16
4 - 2% - 10% - 0:43
PP Forward
1 - 60% - 60% - 4:51
2 - 40% - 40% - 3:16
PP Defense
1 - 50% - 60% - 4:02
2 - 50% - 40% - 4:05
PK Forward
1 - 79% - 60% - 5:30
2 - 21% - 40% - 1:26
PK Defense
1 - 72% - 60% - 4:59
2 - 28% - 40% - 1:57
PK3 Forward
1 - 0% - 60%
2 - 0% - 40%
PK3 Defense
1 - 0% - 60%
2 - 0% - 40%
44 Forward
1 - 68% - 60% - 0:52
2 - 32% - 40% - 0:24
44 Defense
1 - 46% - 60% - 0:35
2 - 54% - 40% - 0:41
Last Minute Offensive - 0:00
Last Minute Defensive - 0:39
Total
Forward - 60:00
Defense - 60:00
|
% Time on Ice - Canucks
Lines # - Real PCT - Wanted PCT - Time Play
Normal Forward
1 - 35% - 51% - 15:13
2 - 30% - 35% - 12:58
3 - 17% - 10% - 7:22
4 - 17% - 4% - 7:23
Normal Defense
1 - 44% - 55% - 19:02
2 - 38% - 30% - 16:26
3 - 17% - 10% - 7:28
4 - 0% - 5% - 0:00
PP Forward
1 - 55% - 60% - 3:49
2 - 45% - 40% - 3:07
PP Defense
1 - 64% - 60% - 4:27
2 - 36% - 40% - 2:29
PK Forward
1 - 75% - 60% - 6:03
2 - 25% - 40% - 2:04
PK Defense
1 - 54% - 60% - 4:22
2 - 46% - 40% - 3:45
PK3 Forward
1 - 0% - 60%
2 - 0% - 40%
PK3 Defense
1 - 0% - 60%
2 - 0% - 40%
44 Forward
1 - 74% - 60% - 0:56
2 - 26% - 40% - 0:20
44 Defense
1 - 78% - 60% - 0:59
2 - 22% - 40% - 0:17
Last Minute Offensive - 0:45
Last Minute Defensive - 0:00
Total
Forward - 60:00
Defense - 60:00
|
Play-by-Play
1st period
0:01 of 1st period - Derick Brassard wins face-off versus John Tavares in neutral zone.
0:13 of 1st period - Icing by Boris Valabik.
0:14 of 1st period - Gilbert Brule wins face-off versus Michael Grabner in Stars zone.
0:45 of 1st period - Snap shot by Evgeny Grachev.
0:45 of 1st period - Stopped by Alexandar Georgiev without a rebound.
0:46 of 1st period - Evgeny Grachev wins face-off versus Loui Eriksson in Canucks zone.
0:55 of 1st period - Slapshot by Evgeny Grachev.
0:55 of 1st period - Shot Misses the Net.
0:57 of 1st period - Snap shot by Paul Ladue.
0:57 of 1st period - Shot Blocked by Tyler Myers.
1:07 of 1st period - Minor Penalty to Tyler Myers for Tripping.
1:08 of 1st period - Artemi Panarin wins face-off versus John Tavares in Canucks zone.
1:19 of 1st period - Oliver Ekman-Larsson is hit by Guillaume Latendresse and loses puck.
2:00 of 1st period - Tyler Wotherspoon is hit by Brandon Gormley and loses puck.
2:28 of 1st period - Gilbert Brule is hit by Tyler Wotherspoon and loses puck.
3:07 of 1st period - Penalty to Tyler Myers is over, Tyler Myers is back on ice.
3:15 of 1st period - John Tavares is hit by Josh Bailey and loses puck.
3:35 of 1st period - Anton Cederholm is hit by Dave Bolland and loses puck.
3:58 of 1st period - Wrist shot by Jason Zucker.
3:58 of 1st period - Stopped by Matt Murray without a rebound.
3:59 of 1st period - Derick Brassard wins face-off versus Cory Emmerton in Stars zone.
4:00 of 1st period - Wrist shot by Artemi Panarin.
4:00 of 1st period - Shot Misses the Net.
4:06 of 1st period - Wrist shot by Artemi Panarin.
4:06 of 1st period - Stopped by Matt Murray with a rebound.
4:08 of 1st period - Snap shot by Tyler Myers.
4:08 of 1st period - Deflect By Tyler Wotherspoon.
4:08 of 1st period - Stopped by Matt Murray without a rebound.
4:09 of 1st period - Evgeny Grachev wins face-off versus Derick Brassard in Stars zone.
4:11 of 1st period - Minor Penalty to Andrew Ladd for Slashing.
4:12 of 1st period - John Tavares wins face-off versus Derick Brassard in Stars zone.
4:22 of 1st period - Guillaume Latendresse is hit by Ben Smith.
5:22 of 1st period - Ben Smith is hit by Guillaume Latendresse and loses puck.
6:09 of 1st period - Gilbert Brule is hit by Jonathan Drouin.
6:11 of 1st period - Penalty to Andrew Ladd is over, Andrew Ladd is back on ice.
6:24 of 1st period - Off-side.
6:25 of 1st period - Cory Emmerton wins face-off versus Maxim Talbot in neutral zone.
6:36 of 1st period - Snap shot by Tobias Rieder.
6:36 of 1st period - Stopped by Alexandar Georgiev with a rebound.
6:50 of 1st period - Anton Cederholm is hit by Maxim Talbot and loses puck.
6:55 of 1st period - Snap shot by Oliver Ekman-Larsson.
6:55 of 1st period - Stopped by Matt Murray without a rebound.
6:56 of 1st period - John Tavares wins face-off versus Derick Brassard in Stars zone.
7:16 of 1st period - Icing by John Tavares.
7:17 of 1st period - Gilbert Brule wins face-off versus John Tavares in Stars zone.
7:32 of 1st period - Guillaume Latendresse is hit by Sam Gagner and loses puck.
7:47 of 1st period - Slapshot by Artemi Panarin.
7:47 of 1st period - Stopped by Matt Murray with a rebound.
7:49 of 1st period - Snap shot by Brandon Gormley.
7:49 of 1st period - Shot Blocked by Evgeny Grachev.
8:05 of 1st period - Tyler Wotherspoon is hit by Hampus Lindholm and loses puck.
8:24 of 1st period - Snap shot by Jason Zucker.
8:24 of 1st period - Deflect By Sam Gagner.
8:24 of 1st period - Shot Hit the Post.
8:24 of 1st period - Puck is out of play.
8:25 of 1st period - Cory Emmerton wins face-off versus Gilbert Brule in Stars zone.
9:06 of 1st period - Icing by Boris Valabik.
9:07 of 1st period - Jason Zucker wins face-off versus John Tavares in Stars zone.
9:16 of 1st period - Slapshot by Hampus Lindholm.
9:16 of 1st period - Shot Blocked by Boris Valabik.
9:34 of 1st period - John Tavares is hit by Brandon Gormley and loses puck.
10:00 of 1st period - Oliver Ekman-Larsson is hit by Alex Chiasson.
10:19 of 1st period - Snap shot by Jonathan Drouin.
10:19 of 1st period - Stopped by Alexandar Georgiev without a rebound.
10:20 of 1st period - Sam Gagner wins face-off versus Evgeny Grachev in Canucks zone.
10:33 of 1st period - Backhand shot by Oliver Ekman-Larsson.
10:33 of 1st period - Shot Misses the Net.
10:35 of 1st period - Slapshot by Oliver Ekman-Larsson.
10:35 of 1st period - Deflect By Sam Gagner.
10:35 of 1st period - Stopped by Matt Murray with a rebound.
11:01 of 1st period - Wrist shot by Jason Zucker.
11:01 of 1st period - Stopped by Matt Murray without a rebound.
11:02 of 1st period - Derick Brassard wins face-off versus John Tavares in Stars zone.
11:03 of 1st period - Snap shot by Artemi Panarin.
11:03 of 1st period - Shot Misses the Net.
11:05 of 1st period - Minor Penalty to Michael Grabner for Tripping.
11:06 of 1st period - John Tavares wins face-off versus Derick Brassard in Stars zone.
11:15 of 1st period - Guillaume Latendresse is hit by Artemi Panarin and loses puck.
11:48 of 1st period - Minor Penalty to Gilbert Brule for Hooking.
11:49 of 1st period - Artemi Panarin wins face-off versus John Tavares in Canucks zone.
11:54 of 1st period - Snap shot by Derick Brassard.
11:54 of 1st period - Stopped by Matt Murray without a rebound.
11:55 of 1st period - John Tavares wins face-off versus Artemi Panarin in Stars zone.
12:08 of 1st period - Snap shot by Guillaume Latendresse.
12:08 of 1st period - Stopped by Alexandar Georgiev with a rebound.
12:23 of 1st period - Icing by Derick Brassard.
12:24 of 1st period - Guillaume Latendresse wins face-off versus Artemi Panarin in Canucks zone.
13:05 of 1st period - Penalty to Michael Grabner is over, Michael Grabner is back on ice.
13:14 of 1st period - Snap shot by John Tavares.
13:14 of 1st period - Goal by John Tavares - Stars : 1 - Canucks : 0.
13:15 of 1st period - John Tavares wins face-off versus Derick Brassard in neutral zone.
13:29 of 1st period - Oliver Ekman-Larsson is hit by Guillaume Latendresse and loses puck.
13:40 of 1st period - Gilbert Brule is hit by Evgeny Grachev and loses puck.
16:30 of 1st period - Snap shot by Derick Brassard.
16:30 of 1st period - Stopped by Matt Murray without a rebound.
16:31 of 1st period - Evgeny Grachev wins face-off versus Derick Brassard in Stars zone.
16:40 of 1st period - Snap shot by Oliver Ekman-Larsson.
16:40 of 1st period - Shot Blocked by Tyler Wotherspoon.
16:42 of 1st period - Slapshot by Oliver Ekman-Larsson.
16:42 of 1st period - Shot Blocked by Evgeny Grachev.
17:21 of 1st period - Snap shot by Jonathan Drouin.
17:21 of 1st period - Stopped by Alexandar Georgiev with a rebound.
17:23 of 1st period - Slapshot by Tyson Barrie.
17:23 of 1st period - Deflect By Gilbert Brule.
17:23 of 1st period - Stopped by Alexandar Georgiev with a rebound.
17:25 of 1st period - Wrist shot by Jonathan Drouin.
17:25 of 1st period - Shot Misses the Net.
17:27 of 1st period - Slapshot by Scott Kosmachuck.
17:27 of 1st period - Goal by Scott Kosmachuck - Stars : 2 - Canucks : 0.
17:28 of 1st period - John Tavares wins face-off versus Derick Brassard in neutral zone.
17:55 of 1st period - Derick Brassard is hit by Tyler Wotherspoon.
18:39 of 1st period - Snap shot by Artemi Panarin.
18:39 of 1st period - Stopped by Matt Murray without a rebound.
18:40 of 1st period - Gilbert Brule wins face-off versus John Tavares in Stars zone.
18:41 of 1st period - Wrist shot by Sam Gagner.
18:41 of 1st period - Stopped by Matt Murray with a rebound.
18:47 of 1st period - Snap shot by Gilbert Brule.
18:47 of 1st period - Stopped by Matt Murray without a rebound.
18:48 of 1st period - Gilbert Brule wins face-off versus John Tavares in Stars zone.
19:05 of 1st period - Snap shot by Gilbert Brule.
19:05 of 1st period - Stopped by Matt Murray with a rebound.
19:07 of 1st period - Slapshot by Oliver Ekman-Larsson.
19:07 of 1st period - Shot Misses the Net.
19:09 of 1st period - Wrist shot by Gilbert Brule.
19:09 of 1st period - Shot Blocked by Michael Grabner.
19:36 of 1st period - Slapshot by John Tavares.
19:36 of 1st period - Stopped by Alexandar Georgiev with a rebound.
19:48 of 1st period - Boris Valabik is hit by Jason Zucker and loses puck.
19:53 of 1st period - Snap shot by Sam Gagner.
19:53 of 1st period - Stopped by Matt Murray with a rebound.
Goals for this period are 2 for Stars vs 0 for Canucks.
Shots for this period are 9 for Stars vs 14 for Canucks.
2nd period
0:01 of 2nd period - Derick Brassard wins face-off versus Alex Chiasson in neutral zone.
0:14 of 2nd period - Snap shot by Evgeny Grachev.
0:14 of 2nd period - Stopped by Alexandar Georgiev without a rebound.
0:15 of 2nd period - John Tavares wins face-off versus Derick Brassard in Canucks zone.
0:41 of 2nd period - Evgeny Grachev is hit by Tyler Myers and loses puck.
1:06 of 2nd period - Wrist shot by Cam Atkinson.
1:06 of 2nd period - Stopped by Alexandar Georgiev without a rebound.
1:07 of 2nd period - John Tavares wins face-off versus Dave Bolland in Canucks zone.
1:16 of 2nd period - Snap shot by Michael Grabner.
1:16 of 2nd period - Stopped by Alexandar Georgiev without a rebound.
1:17 of 2nd period - Derick Brassard wins face-off versus John Tavares in Canucks zone.
1:17 of 2nd period - Derick Brassard is hit by John Tavares.
1:35 of 2nd period - Snap shot by Guillaume Latendresse.
1:35 of 2nd period - Shot Misses the Net.
2:08 of 2nd period - Snap shot by Guillaume Latendresse.
2:08 of 2nd period - Deflect By John Tavares.
2:08 of 2nd period - Stopped by Alexandar Georgiev without a rebound.
2:09 of 2nd period - Jason Zucker wins face-off versus Evgeny Grachev in Canucks zone.
2:22 of 2nd period - Backhand shot by Gilbert Brule.
2:22 of 2nd period - Deflect By Sam Gagner.
2:22 of 2nd period - Shot Misses the Net.
2:22 of 2nd period - Puck is out of play.
2:23 of 2nd period - Gilbert Brule wins face-off versus Evgeny Grachev in Stars zone.
2:26 of 2nd period - Snap shot by Sam Gagner.
2:26 of 2nd period - Shot Blocked by Anton Cederholm.
2:28 of 2nd period - Slapshot by Tyler Myers.
2:28 of 2nd period - Shot Blocked by Andrew Ladd.
2:32 of 2nd period - Wrist shot by Gilbert Brule.
2:32 of 2nd period - Deflect By Jason Zucker.
2:32 of 2nd period - Stopped by Matt Murray with a rebound.
2:34 of 2nd period - Snap shot by Sam Gagner.
2:34 of 2nd period - Shot Blocked by Evgeny Grachev.
2:36 of 2nd period - Wrist shot by Sam Gagner.
2:36 of 2nd period - Stopped by Matt Murray without a rebound.
2:37 of 2nd period - Derick Brassard wins face-off versus Evgeny Grachev in Stars zone.
3:02 of 2nd period - Oliver Ekman-Larsson is hit by Cory Emmerton and loses puck.
3:33 of 2nd period - Snap shot by Michael Grabner.
3:33 of 2nd period - Shot Misses the Net.
3:35 of 2nd period - Snap shot by Michael Grabner.
3:35 of 2nd period - Stopped by Alexandar Georgiev without a rebound.
3:36 of 2nd period - Derick Brassard wins face-off versus Evgeny Grachev in Canucks zone.
3:43 of 2nd period - Wrist shot by Andrew Ladd.
3:43 of 2nd period - Shot Misses the Net.
3:45 of 2nd period - Slapshot by Evgeny Grachev.
3:45 of 2nd period - Stopped by Alexandar Georgiev with a rebound.
3:47 of 2nd period - Snap shot by Andrew Ladd.
3:47 of 2nd period - Shot Misses the Net.
3:49 of 2nd period - Wrist shot by Alex Chiasson.
3:49 of 2nd period - Stopped by Alexandar Georgiev without a rebound.
3:50 of 2nd period - Derick Brassard wins face-off versus John Tavares in Canucks zone.
3:59 of 2nd period - Anton Cederholm is hit by Derick Brassard and loses puck.
4:16 of 2nd period - Evgeny Grachev is hit by Gilbert Brule and loses puck.
4:42 of 2nd period - Tyler Myers is hit by Boris Valabik and loses puck.
4:47 of 2nd period - Snap shot by Oliver Ekman-Larsson.
4:47 of 2nd period - Stopped by Matt Murray without a rebound.
4:48 of 2nd period - Derick Brassard wins face-off versus Evgeny Grachev in Stars zone.
4:51 of 2nd period - Wrist shot by Derick Brassard.
4:51 of 2nd period - Shot Misses the Net.
5:12 of 2nd period - Minor Penalty to Guillaume Latendresse for Holding.
5:13 of 2nd period - John Tavares wins face-off versus Derick Brassard in Stars zone.
5:20 of 2nd period - Off-side.
5:21 of 2nd period - John Tavares wins face-off versus Derick Brassard in neutral zone.
5:23 of 2nd period - Off-side.
5:24 of 2nd period - John Tavares wins face-off versus Derick Brassard in neutral zone.
5:27 of 2nd period - Wrist shot by Hampus Lindholm.
5:27 of 2nd period - Deflect By Derick Brassard.
5:27 of 2nd period - Stopped by Matt Murray with a rebound.
6:18 of 2nd period - Derick Brassard is hit by Tyler Wotherspoon and loses puck.
7:06 of 2nd period - Tobias Rieder is hit by Nick Ritchie.
7:12 of 2nd period - Penalty to Guillaume Latendresse is over, Guillaume Latendresse is back on ice.
7:16 of 2nd period - Snap shot by Guillaume Latendresse.
7:16 of 2nd period - Shot Misses the Net.
7:22 of 2nd period - Jonathan Drouin is hit by Brandon Gormley and loses puck.
7:56 of 2nd period - Cory Emmerton is hit by Nick Ritchie and loses puck.
9:01 of 2nd period - Anton Cederholm is hit by Nick Ritchie and loses puck.
10:03 of 2nd period - Slapshot by Tyler Myers.
10:03 of 2nd period - Shot Misses the Net.
10:55 of 2nd period - Cam Atkinson is hit by Hampus Lindholm and loses puck.
11:36 of 2nd period - Wrist shot by Scott Kosmachuck.
11:36 of 2nd period - Shot Misses the Net.
11:42 of 2nd period - Evgeny Kuznetsov is hit by Dave Bolland and loses puck.
12:06 of 2nd period - Snap shot by Gilbert Brule.
12:06 of 2nd period - Shot Blocked by Tyson Barrie.
12:22 of 2nd period - Cory Emmerton is hit by Derick Brassard and loses puck.
12:45 of 2nd period - Backhand shot by Loui Eriksson.
12:45 of 2nd period - Shot Blocked by Evgeny Grachev.
12:47 of 2nd period - Snap shot by Loui Eriksson.
12:47 of 2nd period - Stopped by Matt Murray with a rebound.
12:49 of 2nd period - Slapshot by Ryan Parent.
12:49 of 2nd period - Shot Blocked by Andrew Ladd.
12:59 of 2nd period - Anton Cederholm is hit by Josh Bailey and loses puck.
13:11 of 2nd period - Jeremy Morin is hit by Andrew Ladd and loses puck.
13:20 of 2nd period - Wrist shot by Evgeny Grachev.
13:20 of 2nd period - Deflect By Alex Chiasson.
13:20 of 2nd period - Shot Misses the Net.
13:20 of 2nd period - Puck is out of play.
13:21 of 2nd period - Derick Brassard wins face-off versus John Tavares in Canucks zone.
14:28 of 2nd period - Snap shot by Cory Emmerton.
14:28 of 2nd period - Shot Misses the Net.
14:30 of 2nd period - Snap shot by Cam Atkinson.
14:30 of 2nd period - Stopped by Alexandar Georgiev with a rebound.
14:36 of 2nd period - Slapshot by Cam Atkinson.
14:36 of 2nd period - Shot Misses the Net.
14:38 of 2nd period - Slapshot by Boris Valabik.
14:38 of 2nd period - Shot Misses the Net.
14:48 of 2nd period - Tobias Rieder is hit by Maxim Talbot and loses puck.
15:29 of 2nd period - Slapshot by Hampus Lindholm.
15:29 of 2nd period - Shot Misses the Net.
15:51 of 2nd period - Snap shot by Hampus Lindholm.
15:51 of 2nd period - Shot Blocked by Cam Atkinson.
16:27 of 2nd period - Wrist shot by Cory Emmerton.
16:27 of 2nd period - Stopped by Alexandar Georgiev with a rebound.
16:50 of 2nd period - Slapshot by Hampus Lindholm.
16:50 of 2nd period - Shot Misses the Net.
16:52 of 2nd period - Wrist shot by Jeremy Morin.
16:52 of 2nd period - Deflect By Maxim Talbot.
16:52 of 2nd period - Stopped by Matt Murray with a rebound.
17:15 of 2nd period - Icing by Tyson Barrie.
17:16 of 2nd period - Derick Brassard wins face-off versus Cory Emmerton in Stars zone.
17:17 of 2nd period - Wrist shot by Artemi Panarin.
17:17 of 2nd period - Shot Blocked by Anton Cederholm.
17:33 of 2nd period - Cory Emmerton is hit by Tyler Myers and loses puck.
18:14 of 2nd period - Slapshot by Loui Eriksson.
18:14 of 2nd period - Stopped by Matt Murray without a rebound.
18:15 of 2nd period - Derick Brassard wins face-off versus John Tavares in Stars zone.
18:22 of 2nd period - Wrist shot by Derick Brassard.
18:22 of 2nd period - Stopped by Matt Murray without a rebound.
18:23 of 2nd period - Derick Brassard wins face-off versus John Tavares in Stars zone.
18:26 of 2nd period - Wrist shot by Ben Smith.
18:26 of 2nd period - Shot Misses the Net.
18:28 of 2nd period - Minor Penalty to Brian Lee for High sticking.
18:29 of 2nd period - John Tavares wins face-off versus Derick Brassard in Stars zone.
18:40 of 2nd period - Snap shot by Artemi Panarin.
18:40 of 2nd period - Shot Hit the Post.
18:42 of 2nd period - Wrist shot by Oliver Ekman-Larsson.
18:42 of 2nd period - Stopped by Matt Murray with a rebound.
18:44 of 2nd period - Snap shot by Ben Smith.
18:44 of 2nd period - Goal by Ben Smith - Stars : 2 - Canucks : 1.
18:45 of 2nd period - Derick Brassard wins face-off versus John Tavares in neutral zone.
19:00 of 2nd period - Snap shot by John Tavares.
19:00 of 2nd period - Stopped by Alexandar Georgiev without a rebound.
19:01 of 2nd period - Derick Brassard wins face-off versus Evgeny Grachev in Canucks zone.
19:03 of 2nd period - Minor Penalty to Derick Brassard for Hooking.
19:04 of 2nd period - Artemi Panarin wins face-off versus John Tavares in Canucks zone.
19:30 of 2nd period - Tyler Myers is hit by Andrew Ladd and loses puck.
Goals for this period are 0 for Stars vs 1 for Canucks.
Shots for this period are 10 for Stars vs 10 for Canucks.
3rd period
0:01 of 3rd period - Artemi Panarin wins face-off versus John Tavares in neutral zone.
0:04 of 3rd period - Slapshot by Oliver Ekman-Larsson.
0:04 of 3rd period - Deflect By Nick Ritchie.
0:04 of 3rd period - Shot Misses the Net.
0:04 of 3rd period - Puck is out of play.
0:05 of 3rd period - John Tavares wins face-off versus Artemi Panarin in Stars zone.
0:10 of 3rd period - Slapshot by Brian Lee.
0:10 of 3rd period - Stopped by Alexandar Georgiev without a rebound.
0:11 of 3rd period - Artemi Panarin wins face-off versus John Tavares in Canucks zone.
0:38 of 3rd period - Snap shot by Evgeny Grachev.
0:38 of 3rd period - Stopped by Alexandar Georgiev without a rebound.
0:39 of 3rd period - Artemi Panarin wins face-off versus Evgeny Grachev in Canucks zone.
0:52 of 3rd period - Brandon Gormley is hit by Alex Chiasson and loses puck.
1:03 of 3rd period - Penalty to Derick Brassard is over, Derick Brassard is back on ice.
1:27 of 3rd period - Snap shot by Artemi Panarin.
1:27 of 3rd period - Shot Misses the Net.
1:57 of 3rd period - Slapshot by Sam Gagner.
1:57 of 3rd period - Shot Misses the Net.
2:03 of 3rd period - Slapshot by Jason Zucker.
2:03 of 3rd period - Shot Misses the Net.
2:09 of 3rd period - Minor Penalty to Brian Lee for Slashing.
2:10 of 3rd period - John Tavares wins face-off versus Gilbert Brule in Stars zone.
3:03 of 3rd period - Snap shot by Evgeny Grachev.
3:03 of 3rd period - Shot Misses the Net.
4:09 of 3rd period - Penalty to Brian Lee is over, Brian Lee is back on ice.
4:35 of 3rd period - Josh Bailey is hit by Cam Atkinson and loses puck.
4:53 of 3rd period - Tyler Wotherspoon is hit by Nick Ritchie and loses puck.
5:21 of 3rd period - Wrist shot by John Tavares.
5:21 of 3rd period - Shot Misses the Net.
5:30 of 3rd period - John Tavares is hit by Oliver Ekman-Larsson and loses puck.
5:38 of 3rd period - Icing by Guillaume Latendresse.
5:39 of 3rd period - Dave Bolland wins face-off versus Cory Emmerton in Stars zone.
5:48 of 3rd period - Backhand shot by Loui Eriksson.
5:48 of 3rd period - Stopped by Matt Murray without a rebound.
5:49 of 3rd period - Guillaume Latendresse wins face-off versus Artemi Panarin in Stars zone.
6:01 of 3rd period - Snap shot by Ben Smith.
6:01 of 3rd period - Deflect By Artemi Panarin.
6:01 of 3rd period - Shot Misses the Net.
6:01 of 3rd period - Puck is out of play.
6:02 of 3rd period - John Tavares wins face-off versus Derick Brassard in Stars zone.
6:29 of 3rd period - Jason Zucker is hit by Brian Lee.
6:30 of 3rd period - Icing by Jason Zucker.
6:31 of 3rd period - Gilbert Brule wins face-off versus Evgeny Grachev in Canucks zone.
7:02 of 3rd period - Snap shot by Jason Zucker.
7:02 of 3rd period - Deflect By Sam Gagner.
7:02 of 3rd period - Stopped by Matt Murray without a rebound.
7:03 of 3rd period - John Tavares wins face-off versus Derick Brassard in Stars zone.
7:36 of 3rd period - Wrist shot by Dave Bolland.
7:36 of 3rd period - Shot Misses the Net.
8:02 of 3rd period - Tyler Wotherspoon is hit by Sam Gagner and loses puck.
9:00 of 3rd period - Wrist shot by Scott Kosmachuck.
9:00 of 3rd period - Stopped by Alexandar Georgiev without a rebound.
9:01 of 3rd period - Nick Ritchie wins face-off versus Evgeny Kuznetsov in Canucks zone.
9:12 of 3rd period - Wrist shot by Jonathan Drouin.
9:12 of 3rd period - Stopped by Alexandar Georgiev without a rebound.
9:13 of 3rd period - Derick Brassard wins face-off versus John Tavares in Canucks zone.
10:27 of 3rd period - Snap shot by Derick Brassard.
10:27 of 3rd period - Shot Misses the Net.
10:29 of 3rd period - Wrist shot by Derick Brassard.
10:29 of 3rd period - Deflect By Tobias Rieder.
10:29 of 3rd period - Shot Misses the Net.
10:29 of 3rd period - Puck is out of play.
10:30 of 3rd period - Derick Brassard wins face-off versus Guillaume Latendresse in Stars zone.
10:59 of 3rd period - Wrist shot by Alex Chiasson.
10:59 of 3rd period - Deflect By Oliver Ekman-Larsson.
10:59 of 3rd period - Shot Blocked by Jason Zucker.
10:59 of 3rd period - Puck is out of play.
11:00 of 3rd period - Alex Chiasson wins face-off versus Derick Brassard in Canucks zone.
11:21 of 3rd period - Snap shot by Andrew Ladd.
11:21 of 3rd period - Stopped by Alexandar Georgiev with a rebound.
11:23 of 3rd period - Wrist shot by Evgeny Grachev.
11:23 of 3rd period - Shot Misses the Net.
11:25 of 3rd period - Slapshot by Brian Lee.
11:25 of 3rd period - Deflect By Andrew Ladd.
11:25 of 3rd period - Shot Misses the Net.
11:25 of 3rd period - Puck is out of play.
11:26 of 3rd period - Gilbert Brule wins face-off versus John Tavares in Canucks zone.
11:26 of 3rd period - Gilbert Brule is hit by John Tavares.
11:29 of 3rd period - Double Minor Penalty to Sam Gagner for Slashing.
11:30 of 3rd period - Artemi Panarin wins face-off versus John Tavares in Canucks zone.
12:03 of 3rd period - Slapshot by Paul Ladue.
12:03 of 3rd period - Shot Misses the Net.
13:09 of 3rd period - Oliver Ekman-Larsson is hit by Boris Valabik and loses puck.
13:35 of 3rd period - Nick Ritchie is hit by Evgeny Grachev and loses puck.
14:02 of 3rd period - Slapshot by Tyler Wotherspoon.
14:02 of 3rd period - Deflect By Jason Zucker.
14:02 of 3rd period - Stopped by Alexandar Georgiev with a rebound.
14:24 of 3rd period - Alex Chiasson is hit by Ben Smith and loses puck.
15:29 of 3rd period - Penalty to Sam Gagner is over, Sam Gagner is back on ice.
15:44 of 3rd period - Jonathan Drouin is hit by Josh Bailey and loses puck.
15:49 of 3rd period - Wrist shot by Maxim Talbot.
15:49 of 3rd period - Shot Blocked by Tyler Wotherspoon.
15:51 of 3rd period - Snap shot by Josh Bailey.
15:51 of 3rd period - Stopped by Matt Murray with a rebound.
15:53 of 3rd period - Slapshot by Hampus Lindholm.
15:53 of 3rd period - Deflect By Josh Bailey.
15:53 of 3rd period - Stopped by Matt Murray without a rebound.
15:54 of 3rd period - Dave Bolland wins face-off versus Evgeny Grachev in Stars zone.
15:55 of 3rd period - Snap shot by Loui Eriksson.
15:55 of 3rd period - Stopped by Matt Murray without a rebound.
15:56 of 3rd period - Dave Bolland wins face-off versus Evgeny Grachev in Stars zone.
15:59 of 3rd period - Wrist shot by Nick Ritchie.
15:59 of 3rd period - Stopped by Matt Murray with a rebound.
16:01 of 3rd period - Slapshot by Brandon Gormley.
16:01 of 3rd period - Shot Misses the Net.
17:34 of 3rd period - Slapshot by Nick Ritchie.
17:34 of 3rd period - Stopped by Matt Murray without a rebound.
17:35 of 3rd period - Cory Emmerton wins face-off versus Gilbert Brule in Stars zone.
17:40 of 3rd period - Jason Zucker is hit by Cam Atkinson and loses puck.
18:26 of 3rd period - John Tavares is hit by Nick Ritchie and loses puck.
19:03 of 3rd period - Canucks, Alexandar Georgiev is pulled from the net.
19:33 of 3rd period - Wrist shot by John Tavares.
19:33 of 3rd period - Goal by John Tavares - Stars : 3 - Canucks : 1.
19:33 of 3rd period - Alexandar Georgiev from Canucks was sent back in the game.
19:34 of 3rd period - Ben Smith wins face-off versus John Tavares in neutral zone.
19:39 of 3rd period - Wrist shot by Brandon Gormley.
19:39 of 3rd period - Shot Misses the Net.
19:59 of 3rd period - Tyler Wotherspoon is hit by Artemi Panarin and loses puck.
Goals for this period are 1 for Stars vs 0 for Canucks.
Shots for this period are 7 for Stars vs 7 for Canucks.